 Dungeon Crawl Stone Soup version 0.27.1-3-gb3d3a73c9e (webtiles) character file.

Game seed: 2487758880461968629

142 mk2021 the Chopper (level 5, 0/41 HPs)
             Began as a Human Berserker on Oct 16, 2021.
             Was a Believer of Trog.
             Slain by a scorpion (6 damage)
             ... on level 3 of the Dungeon.
             The game lasted 00:05:33 (3640 turns).

mk2021 the Chopper (Human Berserker)                Turns: 3640, Time: 00:05:34

Health: 0/41       AC:  5    Str: 18    XL:     5   Next: 49%
Magic:  5/5        EV: 11    Int:  8    God:    Trog [**....]
Gold:   120        SH:  0    Dex: 12    Spells: 4/4 levels left

rFire    . . .     SeeInvis .   a - +0 hand axe
rCold    . . .     Faith    +   (no shield)
rNeg     . . .     Spirit   .   r - +0 ring mail
rPois    .         Reflect  .   (no helmet)
rElec    .         Harm     .   (no cloak)
rCorr    .         Rampage  .   (no gloves)
Will     ++...                  (no boots)
Stlth    +.........             i - amulet of faith
HPRegen  1.13/turn              (no ring)
MPRegen  0.09/turn              (no ring)

@: lethally poisoned (0 -> -8), strong-willed, on berserk cooldown,
regenerating, slowed, very slow
A: no striking features
a: Renounce Religion, Berserk, Trog's Hand


You were on level 3 of the Dungeon.
You worshipped Trog.
Trog was pleased with you.
You visited 1 branch of the dungeon, and saw 3 of its levels.

You collected 120 gold pieces.

Inventory:

Hand Weapons
 a - a +0 hand axe (weapon)
 b - a +0 hunting sling
Missiles
 d - 60 stones
 f - 20 arrows
 g - 3 javelins (quivered)
 n - 18 poisoned darts
Armour
 r - a +0 ring mail (worn)
Jewellery
 i - an amulet of faith (around neck)
Scrolls
 e - a scroll of fog {unknown}
 j - a scroll of summoning {unknown}
 l - a scroll of amnesia
 m - a scroll of identify {unknown}
 o - a scroll of enchant weapon {unknown}
 p - a scroll of teleportation {unknown}
 s - 2 scrolls of holy word {unknown}
 t - a scroll of vulnerability {unknown}
Potions
 c - a potion of cancellation {unknown}
 h - a potion of heal wounds {unknown}
 k - a potion of invisibility {unknown}
 q - a potion of magic {unknown}


   Skills:
 - Level 3.0 Fighting
 + Level 5.7 Axes
 - Level 2.0 Armour
 - Level 2.0 Dodging


You had 4 spell levels left.
You didn't know any spells.
Your spell library was empty.

Dungeon Overview and Level Annotations

Branches:
Dungeon (3/15)

Altars:


Message History

You feel strong-willed. The scorpion stings you!
The scorpion stings you but does no damage.
You closely miss the scorpion.
The scorpion is lightly wounded.
The scorpion stings you. x2
You are poisoned.
The scorpion poisons you!
You hit the scorpion.
The scorpion is moderately wounded.
You feel very sick. The scorpion stings you.
You are more poisoned.
The scorpion poisons you!
A jackal comes into view.
The scorpion stings you.
You are more poisoned.
The scorpion poisons you!
You closely miss the scorpion.
The scorpion is moderately wounded.
You feel extremely sick. The scorpion misses you.
An orc comes into view. It is wielding a +0 whip.
The orc shouts!
You hit the scorpion.
The scorpion is severely wounded.
You feel very sick.
You hear a shout! x2
A jackal comes into view.
The scorpion stings you. x2
* * * LOW HITPOINT WARNING * * *
You are lethally poisoned!
The scorpion poisons you!
The jackal moves out of view.
As you read the scroll labelled YJASTAYCEY, it crumbles to dust.
It is a scroll of amnesia.
You feel forgetful for a moment.
* * * LOW HITPOINT WARNING * * *
You feel extremely sick. The scorpion stings you.
You die...

####'#...#.#
#........#.#
#........#.#
####
#........#.#
....
#........#.#
....
#........#.#
....
#....o.....#
....
#...hs..####
.##
....h.#@##
###### .g...
#.##########
.....# ....
#.)..(......
####.# g..
###########.
.. .


You could see a scorpion, an orc and a jackal.

Vanquished Creatures
  A centaur zombie (D:3)
  Jessica (D:2)
  2 gnolls (D:3)
  2 adders
  A dart slug (D:1)
  An orc (D:3)
  5 ball pythons
  5 bats
  4 giant cockroaches
  3 hobgoblins
  2 jackals (D:1)
  2 quokkas
  2 frilled lizards (D:2)
  4 goblins
  2 kobolds
  8 rats
45 creatures vanquished.

Notes
Turn   | Place    | Note
-------+----------+-------------------------------------------
     0 | D:1      | mk2021 the Human Berserker began the quest for the Orb.
     0 | D:1      | Reached XP level 1. HP: 18/18 MP: 1/1
   298 | D:1      | Reached XP level 2. HP: 23/24 MP: 2/2
   817 | D:1      | Reached XP level 3. HP: 29/29 MP: 3/3
   858 | D:1      | Reached skill level 4 in Axes
  1523 | D:2      | Reached ** piety under Trog
  2540 | D:2      | Reached XP level 4. HP: 27/35 MP: 4/4
  2672 | D:2      | Noticed Jessica
  2675 | D:2      | Killed Jessica
  2676 | D:2      | Reached skill level 5 in Axes
  2846 | D:3      | Found a faded altar of an unknown god.
  3045 | D:3      | Reached XP level 5. HP: 35/41 MP: 5/5
  3640 | D:3      | Slain by a scorpion

Illustrated notes

Levels and vault maps discovered:
D:1:      roderic_crossed_star, layout_basic
D:2:      layout_basic, minmay_misc_feat_columns,
          chequers_serial_rivers_large_b, serial_bayou_crossing, uniq_jessica
D:3:      layout_basic, shapermc_ecumenical_altar_petra, uniq_crazy_yiuf_cottage

Skill      XL: |  1  2  3  4 |
---------------+-------------+-----
Axes           | 4 5 |  5.7
Fighting       | |  3.0
Armour         | |  2.0
Dodging        | |  2.0

Action                   |  1- 3 |  4- 6 || total
-------------------------+-------+-------++-------
Melee: Hand axe          |   107 |    48 ||   155
Invok: Berserk           |     3 |     3 ||     6
       Trog's Hand       |       |     1 ||     1
  Use: Scroll            |       |     1 ||     1
 Stab: Sleeping          |     1 |       ||     1
Armor: Animal skin       |    10 |       ||    10
       Ring mail         |       |    16 ||    16
Dodge: Dodged            |    51 |    33 ||    84
